 Dungeon Crawl Stone Soup version 0.19.5 (webtiles) character file.

2858 theAP the Basher (level 9, -4/60 HPs)
             Began as a Gargoyle Fighter on Apr 7, 2017.
             Was an Initiate of Gozag.
             Slain by an orc warrior
             ... wielding a +0 halberd
              (10 damage)
             ... on level 8 of the Dungeon.
             The game lasted 00:15:02 (4951 turns).

theAP the Basher (Gargoyle Fighter)                 Turns: 4951, Time: 00:15:03

Health: -4/60      AC: 21    Str: 22    XL:     9   Next: 75%
Magic:  9/9        EV:  4    Int: 10    God:    Gozag
Gold:   572        SH:  9    Dex:  9    Spells: 0 memorised, 8 levels left

rFire  . . .     SeeInvis .     a - +0 flail
rCold  . . .     Gourm    .     A - +3 plate armour
rNeg   + . .     Faith    .     c - +0 shield
rPois  ∞         Spirit   .     (no helmet)
rElec  +         Reflect  .     (no cloak)
rCorr  .         Harm     .     (no gloves)
MR     .....                    j - +0 pair of boots
Stlth  ..........               r - amulet of regeneration
                                (no ring)
                                (no ring)

@: no status effects
A: negative energy resistance 1, electricity resistance, unbreathing,
petrification resistance, rot immunity, AC +5
a: Potion Petition, Call Merchant, Bribe Branch, Renounce Religion


You were on level 8 of the Dungeon.
You worshipped Gozag.
Gozag was pleased with you.
You were not hungry.

You visited 2 branches of the dungeon, and saw 9 of its levels.
You also visited: Sewer.

You collected 635 gold pieces.
You paid 63 gold pieces to Gozag.

Inventory:

Hand Weapons
 a - a +0 flail (weapon)
Armour
 c - a +0 shield (worn)
 e - a +0 chain mail
 i - a +0 pair of boots
 j - a +0 pair of boots (worn)
 A - a +3 plate armour (worn)
Jewellery
 r - an amulet of regeneration (around neck)
 s - an uncursed amulet of harm
Scrolls
 b - a scroll of amnesia {unknown}
 n - 3 scrolls of remove curse
 v - 3 scrolls of magic mapping
 x - a scroll of noise
Potions
 d - a potion of might
 g - 3 potions of agility {unknown}
 m - a potion of cancellation {unknown}
 p - 3 potions of degeneration
 q - a potion of invisibility
 t - a potion of lignification
 w - a potion of flight {unknown}
 z - a potion of haste
Comestibles
 f - 3 bread rations
 h - 2 beef jerkies
 k - 4 meat rations
 l - 2 slices of pizza


   Skills:
 + Level 8.6 Fighting
 * Level 10.5 Maces & Flails
 - Level 3.6 Armour
 - Level 1.0 Dodging
 - Level 4.4 Shields


You had 8 spell levels left.
You didn't know any spells.

Dungeon Overview and Level Annotations

Branches:
Dungeon (9/15)             Temple (1/1) D:4
   Lair: D:8-11         Orc: D:9-12

Altars:
Dithmenos
Elyvilon
Fedhas
Gozag
Makhleb
Okawaru
Qazlal
Ru
Sif Muna
Trog
Uskayaw
Xom
Yredelemnul
The Shining One

Annotations:
D:9 spiff's ghost, novice HEFi


Innate Abilities, Weirdness & Mutations

You are resistant to torment.
Your stone body is resilient. (AC +5)
You are immune to poison.
You resist negative energy. (rN+)
You are resistant to electric shocks. (rElec)
You can survive without breathing.
You are immune to petrification.
You are immune to rotting.


Message History

You hit the orc warrior.
The orc warrior is severely wounded.
You closely miss the orc warrior.
The orc warrior is severely wounded.
The orc warrior hits you with a halberd.
Your plate armour prevents you from hitting the orc warrior.
The orc warrior is severely wounded.
The orc warrior hits you with a halberd!
* * * LOW HITPOINT WARNING * * *
You are too injured to fight recklessly!
You are too injured to fight recklessly!
You barely miss the orc warrior.
The orc warrior is severely wounded.
The orc warrior hits you with a halberd!
* * * LOW HITPOINT WARNING * * *
You hit the orc warrior but do no damage.
The orc warrior is severely wounded.
The orc warrior hits you with a halberd!
You die...
Your body crumbles into a pile of gold.

### ##. ... #.... #.## ..#.#
# ... .##.# .#### #.###.##.#
####..... #.....##o#
##........ ###..###o#
#$.$....?. . #....#o#
#.....$... ..
#####.#.#@###.........
...#####.....#.#$##...$......
...<...........$..........[.)
.........#######.#.##........
.......)..# #..#.##........
##........# #..............
#.....#### ..#..#....####?
.......# #.#..#####.#
.#.....# #.#.## .#


You could see an orc warrior and 2 orcs.

Vanquished Creatures
  An ugly thing (D:8)
  A troll (D:9)
  A two-headed ogre (D:8)
  Purgy (Sewer)
  An orc warrior (D:6)
  6 ogres
  A phantom (D:5)
  A centaur (D:9)
  A crocodile (D:8)
  2 bullfrogs (D:6)
  2 scorpions (D:4)
  5 wights (D:9)
  A howler monkey (D:4)
  3 centaur zombies
  3 hounds (D:8)
  An orc priest (D:3)
  An iguana (D:9)
  2 orc wizards
  3 worker ants
  A hound skeleton (D:4)
  11 adders
  4 gnolls (D:3)
  A shadow imp (D:9)
  2 oozes (D:3)
  4 worms
  3 dart slugs
  6 leopard geckos
  14 orcs
  7 giant cockroaches
  9 goblins
  4 hobgoblins
  A quokka (D:2)
  A ball python (D:3)
  4 bats
  9 frilled lizards
  21 kobolds
  9 rats
148 creatures vanquished.

Notes
Turn   | Place    | Note
-------+----------+-------------------------------------------
     0 | D:1      | theAP the Gargoyle Fighter began the quest for the Orb.
     0 | D:1      | Reached XP level 1. HP: 14/14 MP: 1/1
    14 | D:1      | Noticed a vampire
    15 | D:1      | Noticed a demigod
    17 | D:1      | Noticed a spriggan
    19 | D:1      | Noticed a human
    21 | D:1      | Noticed a dwarf
    21 | D:1      | Noticed a minotaur
    23 | D:1      | Noticed an octopode
    23 | D:1      | Noticed a formicid
    25 | D:1      | Noticed a demonspawn
    25 | D:1      | Noticed a naga
    27 | D:1      | Noticed a merfolk
    27 | D:1      | Noticed a gargoyle
    29 | D:1      | Noticed a draconian
    29 | D:1      | Noticed a ghoul
    31 | D:1      | Noticed a vine stalker
    31 | D:1      | Noticed an ogre
    33 | D:1      | Noticed a felid
    35 | D:1      | Noticed a halfling
    37 | D:1      | Noticed an elf
    37 | D:1      | Noticed a troll
    39 | D:1      | Noticed a tengu
    39 | D:1      | Noticed a centaur
    75 | D:1      | Reached XP level 2. HP: 16/19 MP: 2/2
   306 | D:1      | Reached XP level 3. HP: 24/24 MP: 3/3
   786 | D:2      | Reached skill level 3 in Maces & Flails
   786 | D:2      | Reached XP level 4. HP: 29/29 MP: 4/4
  1119 | D:3      | Found a faded altar of an unknown god.
  1147 | D:3      | Reached XP level 5. HP: 27/33 MP: 5/5
  1220 | D:3      | Reached skill level 1 in Dodging
  1307 | D:3      | Reached skill level 4 in Maces & Flails
  1718 | D:3      | Reached XP level 6. HP: 38/38 MP: 6/6
  1969 | D:4      | Found a deep blue altar of Sif Muna.
  1981 | D:4      | Reached skill level 5 in Maces & Flails
  2163 | D:4      | Reached XP level 7. HP: 38/44 MP: 7/7
  2171 | D:4      | Reached skill level 5 in Fighting
  2223 | D:4      | Found a staircase to the Ecumenical Temple.
  2231 | Temple   | Entered the Ecumenical Temple
  2438 | Temple   | Became a worshipper of Gozag Ym Sagoz the Greedy
  2584 | D:4      | Reached skill level 6 in Maces & Flails
  3234 | D:5      | Entered Level 5 of the Dungeon
  3420 | D:5      | Reached XP level 8. HP: 51/51 MP: 8/8
  3659 | D:5      | Reached skill level 7 in Maces & Flails
  4051 | D:6      | Found a glowing drain.
  4098 | Sewer    | Entered a sewer
  4163 | Sewer    | Noticed Purgy
  4184 | Sewer    | Killed Purgy
  4325 | D:6      | Reached skill level 8 in Maces & Flails
  4478 | D:6      | You fall through a shaft for 3 floors!
  4478 | D:9      | Noticed spiff's ghost (novice HEFi)
  4594 | D:9      | Noticed a troll
  4675 | D:9      | Reached XP level 9. HP: 57/57 MP: 9/9
  4678 | D:9      | Reached skill level 9 in Maces & Flails
  4700 | D:9      | Killed a troll
  4879 | D:8      | Noticed a two-headed ogre
  4882 | D:8      | Noticed a cyan ugly thing
  4889 | D:8      | Killed a two-headed ogre
  4916 | D:8      | Killed a cyan ugly thing
  4916 | D:8      | Reached skill level 10 in Maces & Flails
  4951 | D:8      | Slain by an orc warrior

Skill      XL: |  1  2  3  4  5  6  7  8  9 |
---------------+----------------------------+-----
Maces & Flails | 3 4 5 6 8 10 | 10.5
Shields        | 4 |  4.4
Dodging        | 1 |  1.0
Fighting       | 4 5 7 8 |  8.6
Armour         | |  3.6

Action                   |  1- 3 |  4- 6 |  7- 9 || total
-------------------------+-------+-------+-------++-------
Melee: Flail             |   125 |   326 |   456 ||   907
  Use: Potion            |       |     5 |       ||     5
       Scroll            |       |       |    14 ||    14
 Stab: Invisible         |       |     1 |       ||     1
  Eat: Chunk             |       |     4 |       ||     4
       Pizza             |       |     1 |     3 ||     4
       Royal jelly       |       |       |     1 ||     1
       Fruit             |       |       |     4 ||     4
Armor: Chain mail        |   103 |   250 |    38 ||   391
       Plate armour      |       |       |   243 ||   243
Dodge: Dodged            |    56 |    77 |    80 ||   213
Block: Shield            |    74 |   185 |   182 ||   441
